 Dungeon Crawl Stone Soup version 0.27.0-1-g7a089689b8 (webtiles) character file.

Game seed: 15475487688489143497

28 SnakkuSnakku7 the Grave Robber (level 3, -1/28 HPs)
             Began as a Merfolk Necromancer on Aug 7, 2021.
             Slain by an adder (3 damage)
             ... on level 2 of the Dungeon.
             The game lasted 00:01:59 (1202 turns).

SnakkuSnakku7 the Grave Robber (MfNe)               Turns: 1202, Time: 00:01:59

Health: -1/28      AC:  3    Str:  9    XL:     3   Next: 12%
Magic:  6/6        EV: 12    Int: 14    God:
Gold:   80         SH:  0    Dex: 14    Spells: 6/6 levels left

rFire    . . .     SeeInvis .   a - +1 spear
rCold    . . .     Faith    .   (no shield)
rNeg     . . .     Spirit   .   l - +1 robe
rPois    .         Reflect  .   (no helmet)
rElec    .         Harm     .   (no cloak)
rCorr    .         Rampage  .   (no gloves)
Will     .....                  (no boots)
Stlth    ++........             (no amulet)
HPRegen  0.09/turn              (no ring)
MPRegen  0.10/turn              (no ring)

@: mighty, lethally poisoned (-1 -> -3)
A: (nimble swimmer 2), mertail
a: no special abilities


You were on level 2 of the Dungeon.
You visited 1 branch of the dungeon, and saw 2 of its levels.

You collected 80 gold pieces.

Inventory:

Hand Weapons
 a - a +1 spear (weapon)
 c - a +0 club
 h - a +0 vorpal mace
Armour
 l - a +1 robe (worn)
Scrolls
 e - a scroll of identify
Potions
 b - a potion of curing {unknown}
 d - a potion of ambrosia {unknown}
 g - a potion of mutation {unknown}
 j - a potion of invisibility {unknown}


   Skills:
 + Level 2.8 Fighting
 + Level 1.0 Polearms
 - Level 2.6 Dodging
 - Level 2.1 Stealth
 - Level 2.0 Spellcasting
 - Level 3.2 Necromancy


You had 6 spell levels left.
You didn't know any spells.
Your spell library contained the following spells:

 Spells                   Type           Power      Damage    Failure   Level
 Animate Skeleton         Necr           20%        N/A       6%          1
 Pain                     Necr           40%        1d6       6%          1
 Vampiric Draining        Necr           5%         2d6       19%         3
 Animate Dead             Necr           5%         N/A       52%         4
 Spider Form              Tmut/Pois      0%         N/A       56%         3
 Agony                    Necr           10%        N/A       86%         5
 Olgreb's Toxic Radiance  Pois           1%         N/A       93%         4
 Eringya's Noxious Bog    Tmut/Pois      0%         N/A       100%        6


Dungeon Overview and Level Annotations

Branches:
Dungeon (2/15)

Altars:


Innate Abilities, Weirdness & Mutations

((You are quick and stealthy near water. (Stealth+, EV+, Speed+++)))
Your lower body shifts to a powerful aquatic tail in water.


Message History

The hobgoblin shouts!
The adder bites you.
You are poisoned.
The adder poisons you!
You feel sick.
You feel sick. The adder closely misses you.
You see here a hobgoblin corpse.
You feel sick. The adder misses you.
You feel sick.
You are no longer poisoned.
As you read the scroll labelled PESSOVENIO, it crumbles to dust.
It is a scroll of identify.
k - a potion of might The adder barely misses you.
As you read the scroll labelled JIGGUCE ZOARE, it crumbles to dust.
It is a scroll of enchant armour.
Your +0 robe glows green for a moment.
The adder bites you. The adder closely misses you.
As you read the scroll labelled VAIL ZAGGEMA, it crumbles to dust.
Your body is wracked with pain!
* * * LOW HITPOINT WARNING * * *
The adder convulses!
The hobgoblin convulses!
The dart slug convulses!
It was a scroll of torment.
The adder barely misses you.
As you read the scroll labelled MUZICROJA, it crumbles to dust.
It is a scroll of enchant weapon.
Your +0 spear glows red for a moment.
The adder bites you.
* * * LOW HITPOINT WARNING * * *
You are lethally poisoned!
The adder poisons you!
As you read the scroll labelled VATOAH CAAMM, it crumbles to dust.
It is a scroll of amnesia.
Forget Pain, freeing 1 spell level for a total of 6?
Your memory of Pain unravels.
* * * LOW HITPOINT WARNING * * *
You feel sick. The adder barely misses you. The adder closely misses you.
Unknown command.
You feel very mighty all of a sudden.
* * * LOW HITPOINT WARNING * * *
You feel sick. The adder bites you.
You die...

...........###w#
................ ....
## ..........####.
##..####. ..........##
#...#....
...........##).
#..#....
.........w†##.#
####.#....
..........rg#.#
..........
###########S#.#
###...... #@#.#
#........ #.#.#
###.#..#### #.#.##
#...#..# ##
#....###.###..###.
.#####......# #.....†
...........#####......
..#.................##
......................
.#####...........#.###


You could see an adder, a dart slug, a hobgoblin and a rat.

Vanquished Creatures
  A dart slug (D:1)
  An endoplasm (D:1)
  2 giant cockroaches
  2 goblins
  2 hobgoblins
  2 jackals (D:1)
  3 quokkas
  2 ball pythons
  2 bats
  2 frilled lizards (D:1)
  2 kobolds
  4 rats (D:1)
25 creatures vanquished.

Notes
Turn   | Place    | Note
-------+----------+-------------------------------------------
     0 | D:1      | SnakkuSnakku7 the Merfolk Necromancer began the quest for
                  | the Orb.
     0 | D:1      | Reached XP level 1. HP: 13/13 MP: 3/3
   120 | D:1      | Reached skill level 1 in Fighting
   253 | D:1      | Reached XP level 2. HP: 22/22 MP: 3/5
   371 | D:1      | Found a faded altar of an unknown god.
   861 | D:2      | Got the Handbook of Envenoming
  1112 | D:2      | Reached XP level 3. HP: 28/28 MP: 6/6
  1185 | D:2      | Reached skill level 1 in Polearms
  1202 | D:2      | Slain by an adder

Illustrated notes

Levels and vault maps discovered:
D:1:      roderic_dead_forest, layout_basic, ebering_ecumenical_altar_hall
D:2:      layout_rooms, minmay_heptomino_o4, uniq_crazy_yiuf_cottage

Skill      XL: |  1  2  3 |
---------------+----------+-----
Fighting       | 1 2 |  2.8
Polearms       | 1 |  1.0
Dodging        | |  2.6
Stealth        | |  2.1
Spellcasting   | |  2.0
Necromancy     | |  3.2

Action                   || total
-------------------------++-------
Melee: Unarmed           ||     6
       Mace              ||    29
       Spear             ||    29
 Cast: Pain              ||    11
  Use: Scroll            ||     5
       Potion            ||     1
 Stab: Sleeping          ||     3
Armor: Robe              ||    14
Dodge: Dodged            ||    51
